 Dungeon Crawl Stone Soup version 0.30-a0-728-gc68057be0a (webtiles) character file.

Game seed: 12468606246907553158

84 browni3141 the Digger (level 4, -1/33 HPs)
             Began as a Human Earth Elementalist on Jan 31, 2023.
             Slain by an adder (3 damage)
             ... in a sewer.
             The game lasted 00:03:53 (1589 turns).

browni3141 the Digger (Human Earth Elementalist)    Turns: 1589, Time: 00:03:53

Health: -1/33      AC:  2    Str:  8    XL:     4   Next: 74%
Magic:  7/7        EV: 12    Int: 17    God:
Gold:   108        SH:  0    Dex: 14    Spells: 1/7 levels left

rFire   . . .      SeeInvis .    m - +0 short sword
rCold   x . .      Faith    .    (no shield)
rNeg    . . .      Spirit   .    n - +0 robe "Puraiw" {rC- Slay+5 Stlth+}
rPois   .          Reflect  .    (no helmet)
rElec   .          Harm     .    (no cloak)
rCorr   .          Rampage  .    (no gloves)
Will    .....                    (no boots)
Stlth   +++                      (no amulet)
HPRegen 0.25/turn                (no ring)
MPRegen 0.10/turn                (no ring)

@: mighty, lethally poisoned (-1 -> -2)
A: no striking features
a: no special abilities


You were in a sewer.
You visited 1 branch of the dungeon, and saw 3 of its levels.
You also visited: Sewer.

You collected 108 gold pieces.

Inventory:

Hand Weapons
 m - a +0 short sword (weapon)
Missiles
 c - 9 poisoned darts
Armour
 a - a +0 robe
 n - the +0 robe "Puraiw" (worn) {rC- Slay+5 Stlth+}
   (You found it on level 3 of the Dungeon)

   Slay:      It affects your accuracy & damage with ranged weapons and melee
   (+5).
   rC:        It makes you vulnerable to cold.
   Stlth:     It makes you more stealthy.
Magical Staves
 k - a staff of conjuration
Scrolls
 f - a scroll of teleportation {unknown}
 g - 2 scrolls of identify {unknown}
 h - a scroll of fog {unknown}
 i - a scroll of torment {unknown}
 l - a scroll of silence {unknown}
Potions
 b - a potion of magic
 d - a potion of flight {unknown}
 e - a potion of might
 j - a potion of degeneration {unknown}
 o - a potion of curing {unknown}
 p - a potion of attraction {unknown}


   Skills:
 * Level 1.8 Fighting
 - Level 2.0 Dodging
 * Level 2.6 Stealth
 - Level 2.0 Spellcasting
 - Level 1.0 Transmutations
 * Level 4.3 Earth Magic


You had one spell level left.
You knew the following spells:

 Your Spells              Type           Power      Damage    Failure   Level
a - Sandblast             Erth           32%        2d9       3%          1
b - Passwall              Tmut/Erth      8%         N/A       10%         2
c - Stone Arrow           Conj/Erth      18%        3d8       24%         3

Your spell library contained the following spells:

 Spells                   Type           Power      Damage    Failure   Level
 Shock                    Conj/Air       4%         1d3       19%         1
 Frozen Ramparts          Ice            2%         1d1       50%         3
 Swiftness                Air            1%         N/A       50%         3
 Petrify                  Tmut/Erth      10%        N/A       54%         4
 Ice Form                 Ice/Tmut       3%         N/A       83%         4
 Airstrike                Air            0%         2d(1-17)  88%         4
 Summon Ice Beast         Ice/Summ       1%         N/A       88%         4


Dungeon Overview and Level Annotations

Branches:
Dungeon (3/15)              Sewer (1/1)

Altars:

Shops:
D:1 !

Annotations:
D:2 Sigmund


Message History

The ball python barely misses you. The adder attacks as you move away!
The adder bites you. The ball python closely misses you.
The ball python grabs you. The ball python constricts you.
The ball python loses its grip on you. The adder closely misses you.
The adder attacks as you move away! The adder barely misses you.
The ball python attacks as you move away!
The ball python bites you. The ball python closely misses you.
The adder bites you. The ball python bites you.
The ball python barely misses you. The adder bites you.
You are poisoned.
The adder poisons you! The adder attacks as you move away! The adder bites you.
You feel sick.
You feel sick. The ball python barely misses you. The ball python grabs you.
The ball python constricts you.
You escape the ball python's grasp.
You feel sick.
You feel sick. The adder bites you.
* * * LOW HITPOINT WARNING * * *
You are more poisoned.
The adder poisons you!
You feel sick.
There is a gate leading back out of this place here.
You closely miss the adder.
You feel sick. The adder bites you but does no damage.
It was a potion of might.
You feel very mighty all of a sudden.
You feel sick. The adder bites you.
* * * LOW HITPOINT WARNING * * *
The adder misses you.
You puncture the adder!
The adder is severely wounded.
You feel sick. The adder bites you.
* * * LOW HITPOINT WARNING * * *
The river rat twitches its whiskers.
You closely miss the adder.
The adder is severely wounded.
* * * LOW HITPOINT WARNING * * *
You feel sick. The adder bites you.
You die...

##### ##### ##..∩# ## #####
#@SS#####..######.
#########...######Sr.##..#####...
.#..##..†...†.#####rr.....##.....
...)#...........##............†..
....)............................
....#~~....~.....................
.#..#~~~~~~~.~.~.~~..............
#####≈≈≈≈≈~~~~~~~~~~~~~......~..~
≈≈≈≈≈≈≈≈≈≈≈≈≈≈≈≈≈~~~.~~~~~~~~~


You could see an adder, a river rat, 2 ball pythons and 2 rats.

Vanquished Creatures
  An adder (D:2)
  2 river rats (Sewer)
  2 worms (D:3)
  2 dart slugs (D:2)
  An orc (D:3)
  3 ball pythons
  A bat (D:1)
  6 endoplasms
  2 giant cockroaches (D:1)
  3 goblins
  5 hobgoblins
  2 quokkas
  A frilled lizard (D:1)
  5 kobolds
  10 rats
46 creatures vanquished.

Notes
Turn   | Place    | Note
-------+----------+-------------------------------------------
     0 | D:1      | browni3141 the Human Earth Elementalist began the quest for
                  | the Orb.
     0 | D:1      | Reached XP level 1. HP: 13/13 MP: 3/3
    60 | D:1      | Found Qoesmam's Distillery.
    68 | D:1      | Reached skill level 1 in Fighting
   168 | D:1      | Reached XP level 2. HP: 20/21 MP: 0/5
   729 | D:1      | Reached XP level 3. HP: 26/26 MP: 4/6
   942 | D:2      | Reached skill level 4 in Earth Magic
  1079 | D:2      | Noticed Sigmund
  1112 | D:3      | Learned a level 2 spell: Passwall
  1116 | D:3      | Learned a level 3 spell: Stone Arrow
  1182 | D:3      | Noticed a black bear
  1206 | D:3      | Identified the +0 robe "Puraiw" {rC- Slay+5 Stlth+}
  1208 | D:3      | Reached XP level 4. HP: 32/32 MP: 5/7
  1268 | D:3      | Found a glowing drain.
  1315 | Sewer    | Entered a sewer
  1589 | Sewer    | Slain by an adder

Illustrated notes

Levels and vault maps discovered:
D:1:      minmay_arrival_up_and_down, layout_loops_ring, serial_shops, shop
D:2:      layout_basic, uniq_terence, uniq_sigmund, uniq_crazy_yiuf_cottage
D:3:      layout_rooms, cheibrodos_sewer_entry_bend, uniq_robin
Sewer:    sewer_minmay_treatment

Skill      XL: |  1  2  3 |
---------------+----------+-----
Fighting       | 1 |  1.8
Earth Magic    | 4 |  4.3
Dodging        | |  2.0
Stealth        | |  2.6
Spellcasting   | |  2.0
Transmutations | |  1.0

Action                     |  1- 3 |  4- 6 || total
---------------------------+-------+-------++-------
  Melee: Short sword       |       |     9 ||     9
   Cast: Sandblast         |    42 |    22 ||    64
    Use: Potion            |       |     1 ||     1
 Armour: Robe              |     1 |     3 ||     4
  Dodge: Dodged            |     8 |    28 ||    36

Table legend: (Time is in decaauts)
 A = Elapsed time spent in this place.
 B = Non-inter-level travel time spent in this place.
 C = Inter-level travel time spent in this place.
 D = Time resting spent in this place.
 E = Time spent auto-exploring this place.
 F = Levels seen in this place.
 G = Mean time per level.
                   A        B        C        D        E       F      G
               +--------+--------+--------+--------+--------+-----+--------+
         Total |   1627 |   1615 |     12 |    180 |    950 |   4 |  406.8 |
       Dungeon |   1343 |   1331 |     12 |     98 |    853 |   3 |  447.7 |
         Sewer |    284 |    284 |      0 |     82 |     97 |   1 |  284.0 |
               +--------+--------+--------+--------+--------+-----+--------+

Top non-repeatable levels by time:
     D:1: 899 daAuts
   Sewer: 284 daAuts
     D:2: 225 daAuts
     D:3: 218 daAuts
